 Dungeon Crawl Stone Soup version 0.29-a0-82-g837932c90e (webtiles) character file.

Game seed: 10041348600790795684

894 Armakuni the Caller (level 8, -2/64 HPs)
             Began as a Human Transmuter on Feb 4, 2022.
             Was an Initiate of Gozag.
             Killed from afar by an acid dragon (22 damage)
             ... with a splash of acid
             ... on level 5 of the Dungeon.
             The game lasted 00:12:01 (6655 turns).

Armakuni the Caller (Human Transmuter)              Turns: 6655, Time: 00:12:02

Health: -2/64      AC: -2    Str: 12    XL:     8   Next: 27%
Magic:  0/20       EV: 12    Int: 14    God:    Gozag
Gold:   146        SH:  0    Dex: 14    Spells: 5/11 levels left

rFire   + . .      SeeInvis +   a - +8 mace of Ybaeshets {vorpal, Drain rPois Will+}
rCold   + . .      Faith    .   (no shield)
rNeg    . . .      Spirit   +   f - +0 robe
rPois   +          Reflect  .   (no helmet)
rElec   .          Harm     .   i - scarf {rC+ rF+}
rCorr   .          Rampage  .   (no gloves)
Will    +....                   (no boots)
Stlth   +.........              G - amulet of guardian spirit
HPRegen 0.20/turn               (no ring)
MPRegen 0.17/turn               I - ring "Ineikoept" {MP+9 SInv}

@: corroded
A: no striking features
a: Renounce Religion, Potion Petition, Call Merchant, Bribe Branch


You were on level 5 of the Dungeon.
You worshipped Gozag.
Gozag was aware of your devotion.
You visited 2 branches of the dungeon, and saw 6 of its levels.

You collected 229 gold pieces.
You paid 83 gold pieces to Gozag.

Inventory:

Hand Weapons
 a - the +8 mace of Ybaeshets (weapon) {vorpal, Drain rPois Will+}
   (You found it on level 4 of the Dungeon)

   It inflicts extra damage upon your enemies.
   rPois:     It protects you from poison.
   Drain:     It drains your maximum health when unequipped.
   Will:      It increases your willpower.
 k - a +4 quarterstaff of chaos
 o - a +1 dagger of venom
Missiles
 d - 20 bolts
 j - 3 boomerangs (quivered)
Armour
 b - a +0 scale mail
 f - a +0 robe (worn)
 i - a scarf of resistance (worn)
 q - a +1 chain mail of positive energy
Jewellery
 G - an amulet of guardian spirit (around neck)
 I - the ring "Ineikoept" (right hand) {MP+9 SInv}
   (You found it on level 2 of the Dungeon)

   [ring of magical power]

   MP:        It affects your magic capacity (+9).
   SInv:      It lets you see invisible.
Wands
 p - a wand of polymorph (5)
 v - a wand of flame (7)
Scrolls
 n - a scroll of amnesia {unknown}
 r - a scroll of identify
Potions
 c - 4 potions of curing
 e - a potion of attraction {unknown}
 g - 3 potions of magic {unknown}
 h - 2 potions of flight {unknown}
 l - 2 potions of heal wounds {unknown}


   Skills:
 - Level 6.0 Fighting
 - Level 2.0 Dodging
 - Level 3.0 Unarmed Combat
 - Level 2.0 Spellcasting
 + Level 6.4 Summonings
 - Level 2.0 Transmutations


You had 5 spell levels left.
You knew the following spells:

 Your Spells              Type           Power      Damage    Failure   Level
a - Beastly Appendage     Tmut           14%        N/A       11%         1
k - Call Canine Familiar  Summ           19%        N/A       4%          3
w - Wereblood             Tmut           7%         N/A       16%         2

Your spell library contained the following spells:

 Spells                   Type           Power      Damage    Failure   Level
 Summon Small Mammal      Summ           76%        N/A       1%          1
 Summon Guardian Golem    Hex/Summ       10%        N/A       19%         3
 Spider Form              Tmut/Pois      4%         N/A       43%         3
 Ice Form                 Ice/Tmut       4%         N/A       83%         4
 Petrify                  Tmut/Erth      4%         N/A       83%         4
 Animate Dead             Necr           0%         N/A       93%         4
 Metabolic Englaciation   Hex/Ice        0%         N/A       100%        5
 Statue Form              Tmut/Erth      2%         N/A       100%        6
 Haunt                    Necr/Summ      5%         N/A       100%        7
 Infestation              Necr           0%         N/A       100%        8


Dungeon Overview and Level Annotations

Branches:
Dungeon (5/15)             Temple (1/1) D:5

Altars:
Ashenzari
Cheibriados
Dithmenos
Elyvilon
Fedhas
Gozag
Hepliaklqana
Kikubaaqudgha
Makhleb
Nemelex Xobeh
Okawaru
Qazlal
Ru
Sif Muna
Trog
Uskayaw
Vehumet
Wu Jian
Yredelemnul
Zin
The Shining One

Annotations:
D:3 2 transporters, NigelTetley's ghost, amateur FoFi


Message History

The splash of acid hits you!! The acid dragon spits acid at you.
The splash of acid hits you!! The acid corrodes you!
There is a stone staircase leading up here.
You climb upwards.
There is a stone staircase leading down here.
You start resting.
You are no longer corroded.
You start resting.
Magic restored.
You start resting.
HP restored.
Okay, then.
You climb downwards.
There is a stone staircase leading up here.
Aiming: Throw Flame
Press: ? - help, Shift-Dir - straight line, f - acid dragon
Aim: an acid dragon (68% to hit)
The puff of flame hits the acid dragon but does no damage.
Aiming: Polymorph
Press: ? - help, Shift-Dir - straight line, f/p - acid dragon
Aim: an acid dragon (will become a sky beast, a fire bat, or a tengu, chance to affect: 49%)
The acid dragon resists with some effort.
You barely miss the acid dragon. The acid dragon spits acid at you.
The splash of acid hits you!! The acid corrodes you!
You hit the acid dragon.
The acid dragon is lightly wounded.
The acid dragon bites you! The acid dragon claws you.
The acid dragon bites you. The acid dragon claws you.
Throw: throwing net
Press: ? - help, Q - select action, (/) - cycle Shift-Dir - straight line, f/p - acid dragon
Aim: an acid dragon (lightly wounded, 62% to hit)
You throw a throwing net. The throwing net hits the acid dragon.
The acid dragon is caught in the net!
The acid dragon is lightly wounded.
The acid dragon spits acid at you. The splash of acid hits you!!
You die...
Your body crumbles into a pile of gold.

#.# #.# #.#
###.########
#..........#
##..#######.#$#.
#...# ... #..## ....
#@.# ##.....
#D.######.......
#.###..##.....D.....
#.........###.......
#####..#### ##.....
#..# ...# #..# ..#
#..# ## #...


You could see an acid dragon (caught, catching breath).

Vanquished Creatures
  An ice beast (D:4)
  A black bear (D:4)
  A kobold brigand (D:4)
  3 scorpions
  A wyvern zombie (D:5)
  A centaur skeleton (D:5)
  Crazy Yiuf (D:5)
  2 hounds (D:4)
  Jessica (D:3)
  An iguana (D:4)
  2 orc wizards
  A hound skeleton (D:4)
  5 adders
  An adder skeleton (D:4)
  2 worms (D:2)
  2 dart slugs
  5 orcs
  10 ball pythons
  13 bats
  12 endoplasms
  3 giant cockroaches
  6 goblins
  5 hobgoblins
  4 jackals (D:1)
  15 kobolds
  5 quokkas
  6 frilled lizards
  5 rats
115 creatures vanquished.

Vanquished Creatures (collateral kills)
  A bullfrog skeleton (D:5)
1 creature vanquished.

Vanquished Creatures (others)
  2 fungi (D:5)
  9 plants (D:4)
11 creatures vanquished.

Grand Total: 127 creatures vanquished

Notes
Turn   | Place    | Note
-------+----------+-------------------------------------------
     0 | D:1      | Armakuni the Human Transmuter began the quest for the Orb.
     0 | D:1      | Reached XP level 1. HP: 15/15 MP: 3/3
   139 | D:1      | Reached XP level 2. HP: 21/22 MP: 3/5
   171 | D:1      | Learned a level 2 spell: Wereblood
   455 | D:1      | Reached XP level 3. HP: 28/28 MP: 4/6
  1756 | D:2      | Reached XP level 4. HP: 33/35 MP: 7/7
  2082 | D:2      | Identified the ring "Ineikoept" {MP+9 SInv}
  2182 | D:2      | Learned a level 3 spell: Call Canine Familiar
  2444 | D:2      | Reached XP level 5. HP: 41/42 MP: 8/8
  2689 | D:3      | Found a transporter.
  2689 | D:3      | Noticed NigelTetley's ghost (amateur FoFi)
  3093 | D:3      | Reached skill level 1 in Summonings
  3177 | D:3      | Found a transporter.
  3204 | D:3      | Noticed Jessica
  3211 | D:3      | Killed Jessica
  3904 | D:4      | Reached skill level 5 in Fighting
  3904 | D:4      | Reached XP level 6. HP: 36/51 MP: 9/9
  4708 | D:4      | Reached XP level 7. HP: 43/56 MP: 10/10
  4820 | D:4      | Identified the +8 mace of Ybaeshets {vorpal, Drain rPois
                  | Will+}
  5370 | D:5      | Entered Level 5 of the Dungeon
  5531 | D:4      | Reached skill level 5 in Summonings
  5747 | D:5      | Reached XP level 8. HP: 60/64 MP: 11/11
  5784 | D:5      | Found a staircase to the Ecumenical Temple.
  5804 | Temple   | Entered the Ecumenical Temple
  5945 | Temple   | Became a worshipper of Gozag Ym Sagoz the Greedy
  6120 | D:5      | Found a runed translucent door.
  6121 | D:5      | Noticed Crazy Yiuf
  6131 | D:5      | Killed Crazy Yiuf
  6655 | D:5      | Killed from afar by an acid dragon

Illustrated notes

Levels and vault maps discovered:
D:1:      amcnicky_arrival_gap_in_the_tavern_cellar, layout_loops_ring,
          minmay_split_cup_small
D:2:      layout_basic
D:3:      layout_basic, gammafunk_ghost_mausoleum, uniq_jessica
D:4:      layout_basic, enter_ossuary_1, grunt_ministairs_8, dk_noncrumbling_3,
          minivault_24, lexackson_kobold_supper
D:5:      layout_loops_ring, minmay_temple_entry_wispy, nicolae_shop_fire_sale
          [nicolae_sub_dead_trees], kennysheep_donut,
          kennysheep_generic_room_14, uniq_crazy_yiuf_cottage, uniq_menkaure,
          uniq_sigmund
Temple:   mainiacjoe_temple_archimedes_tessellation

Skill      XL: |  1  2  3  4  5  6  7  8 |
---------------+-------------------------+-----
Fighting       | 2 3 4 5 6 |  6.0
Summonings     | 2 3 5 6 |  6.4
Dodging        | |  2.0
Unarmed Combat | |  3.0
Spellcasting   | |  2.0
Transmutations | |  2.0

Action                   |  1- 3 |  4- 6 |  7- 9 || total
-------------------------+-------+-------+-------++-------
Melee: Unarmed           |    31 |       |       ||    31
       Kick              |    10 |     5 |       ||    15
       Headbutt          |     5 |     6 |       ||    11
       Punch             |     3 |     6 |     2 ||    11
       Dagger            |    70 |   233 |    28 ||   331
       Mace              |       |       |    63 ||    63
Throw: Throwing net      |       |     1 |     4 ||     5
 Cast: Beastly Appendage |    10 |     5 |       ||    15
       Call Canine Famil |       |       |     1 ||     1
Evoke: Wand              |       |       |     2 ||     2
  Use: Potion            |     1 |     1 |       ||     2
       Scroll            |       |     3 |       ||     3
 Stab: Sleeping          |     1 |     1 |       ||     2
       Held in net/web   |       |     1 |       ||     1
Armor: Robe              |    23 |    47 |    14 ||    84
       Skin              |     1 |       |       ||     1
Dodge: Dodged            |    61 |   145 |    83 ||   289

Table legend: (Time is in decaauts)
 A = Elapsed time spent in this place.
 B = Non-inter-level travel time spent in this place.
 C = Inter-level travel time spent in this place.
 D = Time resting spent in this place.
 E = Time spent auto-exploring this place.
 F = Levels seen in this place.
 G = Mean time per level.
                   A        B        C        D        E       F      G
               +--------+--------+--------+--------+--------+-----+--------+
         Total |   6679 |   6538 |    141 |   1483 |   3779 |   6 | 1113.2 |
       Dungeon |   6461 |   6339 |    122 |   1483 |   3610 |   5 | 1292.2 |
        Temple |    217 |    198 |     19 |      0 |    169 |   1 |  217.0 |
               +--------+--------+--------+--------+--------+-----+--------+

Top non-repeatable levels by time:
     D:4: 2193 daAuts
     D:1: 1737 daAuts
     D:3: 1087 daAuts
     D:2: 900 daAuts
     D:5: 543 daAuts
  Temple: 217 daAuts
